[ PARTIDA AOE2 · #490827767 ]
UnrankedEspañoles vs Spanish
[ ANÁLISIS DE REPETICIÓN · EXTRAÍDO DE LA PARTIDA GRABADA ]
Feudal
10:06
Castillos
16:28
Imperial
—
| APM promedio | 34.1 |
| APM pico | 110 |
| eAPM promedio | 14.4 |
| Aldeanos / militares | 39 / 6 |
Foco
⚔️ 32.0% · 🌾 68.0%
Conquistador ×6
Feudal
8:26
Castillos
18:21
Imperial
—
| APM promedio | 34.3 |
| APM pico | 83 |
| eAPM promedio | 15.4 |
| Aldeanos / militares | 44 / 0 |
Foco
⚔️ 24.3% · 🌾 75.7%
Feudal
10:48
Castillos
15:58
Imperial
—
| APM promedio | 29.5 |
| APM pico | 78 |
| eAPM promedio | 15.3 |
| Aldeanos / militares | 36 / 23 |
Foco
⚔️ 27.2% · 🌾 72.8%
Militia ×23
Feudal
10:57
Castillos
15:52
Imperial
—
| APM promedio | 23.5 |
| APM pico | 55 |
| eAPM promedio | 14.0 |
| Aldeanos / militares | 36 / 2 |
Foco
⚔️ 28.6% · 🌾 71.4%
Mangonel ×2
Feudal
8:51
Castillos
20:42
Imperial
—
| APM promedio | 64.9 |
| APM pico | 131 |
| eAPM promedio | 17.8 |
| Aldeanos / militares | 43 / 0 |
Foco
⚔️ 21.7% · 🌾 78.3%
Feudal
8:46
Castillos
—
Imperial
—
| APM promedio | 31.8 |
| APM pico | 64 |
| eAPM promedio | 18.6 |
| Aldeanos / militares | 45 / 0 |
Foco
⚔️ 30.9% · 🌾 69.1%
Feudal
10:46
Castillos
14:32
Imperial
—
| APM promedio | 58.4 |
| APM pico | 169 |
| eAPM promedio | 15.0 |
| Aldeanos / militares | 47 / 22 |
Foco
⚔️ 21.0% · 🌾 79.0%
Archer ×18 · Battering Ram ×4
Feudal
10:33
Castillos
15:50
Imperial
—
| APM promedio | 20.6 |
| APM pico | 49 |
| eAPM promedio | 10.2 |
| Aldeanos / militares | 39 / 6 |
Foco
⚔️ 34.7% · 🌾 65.3%
Battering Ram ×6 · Unknown (1105) ×1
Mapa de la partida
Recursos iniciales + cada clic de construcción. Líneas = muros · curvas = relieve. ◆ oro · ⬟ piedra · ● bayas · ✦ reliquia · ◌ hueco del cierre
Tu base· ✓ Cerrada en 16:28 · 42t muro · 2 puerta(s)
Base de EXILE | Alebrije· ✓ Cerrada en 18:21 · 0t muro · 3 puerta(s)
Base de RagnarokCo· ✓ Cerrada en 15:58 · 0t muro · 3 puerta(s)
Base de EXILE | milval· ✓ Cerrada en 15:52 · 0t muro · 2 puerta(s)
Base de EXILE | TurtleS3· ✓ Cerrada en 20:42 · 7t muro · 2 puerta(s)
Base de El Wicho· ✓ Cerrada en 12:00 · 0t muro · 3 puerta(s)
Base de EXILE | Heisenberg· ✓ Cerrada en 14:32 · 0t muro · 3 puerta(s)
Base de Codiman· ✓ Cerrada en 15:50 · 0t muro · 2 puerta(s)
Terreno inicial suavizado · ◌ = hueco del cierre detectado · pasá el cursor para detalles
Inputs por minuto
— Dadagama - - EXILE | Alebrije
Build order — Dadagama
90 acciones detectadas en el replay
| 0:00 | Crear | Villager (Male) |
| 0:01 | Crear | Villager (Male) |
| 0:02 | Construir | House |
| 0:04 | Construir | House |
| 0:22 | Crear | Villager (Male) |
| 0:22 | Crear | Villager (Male) |
| 0:22 | Crear | Villager (Male) |
| 1:34 | Crear | Villager (Male) |
| 1:34 | Crear | Villager (Male) |
| 1:57 | Crear | Villager (Male) |
| 1:57 | Crear | Villager (Male) |
| 2:12 | Construir | Lumber Camp |
| 2:25 | Crear | Villager (Male) |
| 3:08 | Crear | Villager (Male) |
| 3:09 | Crear | Villager (Male) |
| 3:51 | Construir | House |
| 3:52 | Construir | House |
| 4:01 | Crear | Villager (Male) |
| 4:01 | Crear | Villager (Male) |
| 4:01 | Crear | Villager (Male) |
| 4:59 | Crear | Villager (Male) |
| 5:02 | Construir | Mill |
| 5:38 | Crear | Villager (Male) |
| 5:39 | Crear | Villager (Male) |
| 6:17 | Crear | Villager (Male) |
| 6:18 | Crear | Villager (Male) |
| 7:06 | Crear | Villager (Male) |
| 7:28 | Construir | Mining Camp |
| 7:39 | Construir | Mining Camp |
| 7:43 | Investigar | Feudal Age |
| 8:43 | Construir | Palisade Wall |
| 9:04 | Crear | Villager (Male) |
| 9:11 | Crear | Villager (Male) |
| 9:40 | Construir | Palisade Wall |
| 10:06 | Edad | Edad Feudal |
| 10:07 | Crear | Villager (Male) |
| 10:16 | Crear | Villager (Male) |
| 10:51 | Construir | Market |
| 11:01 | Construir | Blacksmith |
| 11:07 | Construir | Palisade Wall |
| 11:18 | Crear | Villager (Male) |
| 11:18 | Crear | Villager (Male) |
| 11:26 | Construir | House |
| 11:43 | Construir | Palisade Wall |
| 11:47 | Construir | Palisade Wall |
| 12:01 | Construir | Palisade Wall |
| 12:08 | Construir | Palisade Wall |
| 12:54 | Crear | Villager (Male) |
| 13:04 | Construir | House |
| 13:09 | Construir | House |
| 13:17 | Investigar | Loom |
| 13:44 | Investigar | Castle Age |
| 13:57 | Construir | Mining Camp |
| 14:10 | Construir | House |
| 14:12 | Construir | House |
| 14:34 | Construir | Farm |
| 14:36 | Construir | Farm |
| 14:39 | Construir | Farm |
| 15:02 | Construir | Farm |
| 15:31 | Construir | Farm |
| 15:34 | Construir | Farm |
| 15:38 | Crear | Villager (Male) |
| 16:01 | Crear | Villager (Male) |
| 16:01 | Crear | Villager (Male) |
| 16:28 | Edad | Edad de los Castillos |
| 16:28 | Construir | Palisade Wall |
| 16:45 | Construir | Castle |
| 17:12 | Construir | Gate |
| 17:26 | Crear | Villager (Male) |
| 17:26 | Crear | Villager (Male) |
| 18:27 | Crear | Conquistador |
| 18:27 | Crear | Conquistador |
| 18:45 | Construir | Farm |
| 18:46 | Crear | Villager (Male) |
| 18:51 | Crear | Conquistador |
| 18:55 | Crear | Conquistador |
| 18:56 | Crear | Conquistador |
| 19:41 | Crear | Conquistador |
| 19:48 | Construir | Stone Wall |
| 19:58 | Crear | Villager (Male) |
| 19:58 | Crear | Villager (Male) |
| 20:18 | Construir | Farm |
| 20:18 | Construir | Farm |
| 20:18 | Construir | Farm |
| 20:18 | Construir | Farm |
| 20:18 | Construir | Farm |
| 20:35 | Crear | Villager (Male) |
| 20:37 | Construir | Farm |
| 20:44 | Crear | Villager (Male) |
| 21:06 | Crear | Villager (Male) |
Build order — EXILE | Alebrije
93 acciones detectadas en el replay
| 0:01 | Crear | Villager (Male) |
| 0:02 | Crear | Villager (Male) |
| 0:02 | Crear | Villager (Male) |
| 0:03 | Construir | House |
| 0:05 | Construir | House |
| 0:37 | Crear | Villager (Male) |
| 0:37 | Crear | Villager (Male) |
| 0:38 | Crear | Villager (Male) |
| 1:28 | Crear | Villager (Male) |
| 1:28 | Crear | Villager (Male) |
| 2:00 | Crear | Villager (Male) |
| 2:01 | Crear | Villager (Male) |
| 2:29 | Crear | Villager (Male) |
| 2:29 | Crear | Villager (Male) |
| 2:35 | Construir | Lumber Camp |
| 2:49 | Crear | Villager (Male) |
| 2:50 | Crear | Villager (Male) |
| 2:50 | Crear | Villager (Male) |
| 3:36 | Crear | Villager (Male) |
| 3:36 | Crear | Villager (Male) |
| 3:36 | Crear | Villager (Male) |
| 3:54 | Construir | House |
| 3:55 | Construir | House |
| 4:29 | Crear | Villager (Male) |
| 4:56 | Crear | Villager (Male) |
| 5:24 | Crear | Villager (Male) |
| 5:31 | Construir | Mill |
| 5:42 | Investigar | Loom |
| 6:12 | Investigar | Feudal Age |
| 6:54 | Construir | House |
| 6:56 | Construir | House |
| 7:23 | Construir | Mining Camp |
| 7:53 | Crear | Villager (Male) |
| 8:26 | Edad | Edad Feudal |
| 8:31 | Construir | Watch Tower |
| 8:33 | Investigar | Double-Bit Axe |
| 8:44 | Crear | Villager (Male) |
| 8:55 | Crear | Villager (Male) |
| 9:20 | Crear | Villager (Male) |
| 9:22 | Construir | Farm |
| 9:54 | Construir | Blacksmith |
| 9:58 | Crear | Villager (Male) |
| 10:01 | Crear | Villager (Male) |
| 10:21 | Construir | House |
| 10:30 | Crear | Villager (Male) |
| 10:45 | Construir | Watch Tower |
| 10:55 | Construir | Farm |
| 10:56 | Investigar | Fletching |
| 11:08 | Construir | Farm |
| 11:13 | Crear | Villager (Male) |
| 11:29 | Construir | Farm |
| 11:47 | Crear | Villager (Male) |
| 12:09 | Crear | Villager (Male) |
| 12:09 | Crear | Villager (Male) |
| 12:27 | Crear | Villager (Male) |
| 12:40 | Crear | Villager (Male) |
| 12:50 | Construir | Market |
| 12:56 | Construir | Farm |
| 12:58 | Crear | Villager (Male) |
| 13:19 | Construir | Farm |
| 13:25 | Crear | Villager (Male) |
| 13:31 | Construir | House |
| 13:46 | Construir | Farm |
| 14:10 | Construir | Watch Tower |
| 14:18 | Crear | Villager (Male) |
| 14:27 | Construir | Farm |
| 14:29 | Crear | Villager (Male) |
| 14:49 | Construir | Farm |
| 15:04 | Construir | Mining Camp |
| 15:12 | Crear | Villager (Male) |
| 15:26 | Construir | House |
| 15:41 | Investigar | Castle Age |
| 15:54 | Investigar | Gold Mining |
| 15:54 | Investigar | Gold Mining |
| 15:57 | Investigar | Stone Mining |
| 16:10 | Investigar | Horse Collar |
| 16:10 | Investigar | Horse Collar |
| 16:44 | Crear | Villager (Male) |
| 18:21 | Edad | Edad de los Castillos |
| 18:24 | Construir | Castle |
| 18:46 | Construir | House |
| 18:52 | Construir | Palisade Wall |
| 19:04 | Construir | House |
| 19:06 | Crear | Villager (Male) |
| 19:20 | Construir | House |
| 19:36 | Crear | Villager (Male) |
| 19:37 | Construir | Farm |
| 19:53 | Construir | Lumber Camp |
| 19:57 | Construir | Farm |
| 20:07 | Crear | Villager (Male) |
| 20:17 | Investigar | Bow Saw |
| 20:21 | Crear | Villager (Male) |
| 20:40 | Investigar | Gold Mining |
Build order — RagnarokCo
110 acciones detectadas en el replay
| 0:02 | Crear | Villager (Male) |
| 0:02 | Crear | Villager (Male) |
| 0:04 | Construir | House |
| 0:05 | Construir | House |
| 0:10 | Crear | Villager (Male) |
| 0:11 | Crear | Villager (Male) |
| 1:28 | Crear | Villager (Male) |
| 1:48 | Construir | Lumber Camp |
| 1:53 | Crear | Villager (Male) |
| 2:31 | Crear | Villager (Male) |
| 2:51 | Crear | Villager (Male) |
| 3:01 | Construir | House |
| 3:15 | Crear | Villager (Male) |
| 3:47 | Construir | Mill |
| 3:54 | Crear | Villager (Male) |
| 3:55 | Crear | Villager (Male) |
| 4:25 | Crear | Villager (Male) |
| 4:53 | Crear | Villager (Male) |
| 5:09 | Crear | Villager (Male) |
| 5:34 | Crear | Villager (Male) |
| 5:53 | Crear | Villager (Male) |
| 5:59 | Construir | House |
| 6:30 | Crear | Villager (Male) |
| 6:31 | Crear | Villager (Male) |
| 6:40 | Crear | Villager (Male) |
| 6:55 | Crear | Villager (Male) |
| 7:09 | Crear | Villager (Male) |
| 7:22 | Construir | Mining Camp |
| 8:33 | Investigar | Feudal Age |
| 8:33 | Investigar | Feudal Age |
| 9:30 | Construir | House |
| 10:26 | Crear | Villager (Male) |
| 10:32 | Construir | House |
| 10:48 | Edad | Edad Feudal |
| 10:56 | Construir | Market |
| 10:59 | Crear | Villager (Male) |
| 11:17 | Construir | Farm |
| 11:21 | Construir | Blacksmith |
| 11:36 | Crear | Villager (Male) |
| 11:39 | Construir | Farm |
| 11:53 | Construir | Farm |
| 11:54 | Construir | Farm |
| 11:56 | Crear | Villager (Male) |
| 12:09 | Construir | Farm |
| 12:13 | Construir | Farm |
| 12:19 | Construir | House |
| 12:25 | Investigar | Loom |
| 12:50 | Crear | Villager (Male) |
| 13:04 | Construir | Farm |
| 13:12 | Construir | Farm |
| 13:18 | Investigar | Castle Age |
| 13:36 | Construir | Outpost |
| 14:08 | Construir | Barracks |
| 14:19 | Crear | Villager (Male) |
| 14:44 | Investigar | Double-Bit Axe |
| 14:49 | Investigar | Horse Collar |
| 15:01 | Investigar | Gold Mining |
| 15:14 | Construir | Farm |
| 15:27 | Construir | House |
| 15:35 | Construir | Farm |
| 15:36 | Crear | Villager (Male) |
| 15:49 | Crear | Militia |
| 15:58 | Edad | Edad de los Castillos |
| 16:04 | Construir | Barracks |
| 16:10 | Investigar | Scale Mail Armor |
| 16:18 | Crear | Militia |
| 16:27 | Crear | Militia |
| 16:32 | Construir | Farm |
| 16:41 | Crear | Villager (Male) |
| 16:45 | Construir | House |
| 17:05 | Construir | Farm |
| 17:06 | Crear | Villager (Male) |
| 17:10 | Crear | Militia |
| 17:15 | Construir | Farm |
| 17:18 | Construir | Farm |
| 17:22 | Construir | Farm |
| 17:27 | Crear | Militia |
| 17:33 | Construir | House |
| 17:41 | Crear | Militia |
| 17:45 | Construir | Farm |
| 17:47 | Construir | Farm |
| 17:54 | Crear | Villager (Male) |
| 18:04 | Construir | House |
| 18:06 | Crear | Militia |
| 18:11 | Construir | Farm |
| 18:19 | Crear | Militia |
| 18:26 | Construir | Farm |
| 18:26 | Crear | Villager (Male) |
| 18:33 | Crear | Militia |
| 18:33 | Crear | Militia |
| 18:55 | Crear | Militia |
| 19:00 | Crear | Militia |
| 19:03 | Crear | Villager (Male) |
| 19:19 | Crear | Militia |
| 19:26 | Construir | Farm |
| 19:27 | Crear | Villager (Male) |
| 19:32 | Construir | Farm |
| 19:36 | Crear | Militia |
| 19:36 | Crear | Militia |
| 19:58 | Crear | Militia ×3 |
| 19:58 | Crear | Militia ×3 |
| 20:07 | Crear | Villager (Male) |
| 20:07 | Crear | Villager (Male) |
| 20:10 | Construir | Farm |
| 20:22 | Crear | Militia |
| 20:34 | Investigar | Chain Mail Armor |
| 20:46 | Crear | Militia |
| 20:50 | Construir | Farm |
| 20:50 | Construir | Farm |
| 20:51 | Construir | Farm |
Build order — EXILE | milval
72 acciones detectadas en el replay
| 0:02 | Crear | Villager (Male) |
| 0:02 | Crear | Villager (Male) |
| 0:02 | Crear | Villager (Male) |
| 0:03 | Crear | Villager (Male) |
| 0:03 | Crear | Villager (Male) |
| 0:05 | Construir | House |
| 0:08 | Construir | House |
| 1:36 | Crear | Villager (Male) |
| 1:57 | Construir | Lumber Camp |
| 2:04 | Crear | Villager (Male) |
| 2:04 | Crear | Villager (Male) |
| 2:27 | Crear | Villager (Male) |
| 2:38 | Crear | Villager (Male) |
| 2:45 | Construir | House |
| 2:46 | Construir | House |
| 3:15 | Crear | Villager (Male) |
| 3:15 | Crear | Villager (Male) |
| 3:45 | Crear | Villager (Male) |
| 3:45 | Crear | Villager (Male) |
| 3:46 | Crear | Villager (Male) |
| 4:21 | Crear | Villager (Male) |
| 4:21 | Crear | Villager (Male) |
| 5:01 | Crear | Villager (Male) |
| 5:09 | Construir | Mill |
| 5:17 | Crear | Villager (Male) |
| 5:18 | Crear | Villager (Male) |
| 5:18 | Crear | Villager (Male) |
| 6:17 | Crear | Villager (Male) |
| 6:17 | Crear | Villager (Male) |
| 6:17 | Crear | Villager (Male) |
| 6:21 | Crear | Villager (Male) |
| 6:24 | Construir | House |
| 6:45 | Crear | Villager (Male) |
| 6:45 | Crear | Villager (Male) |
| 7:36 | Crear | Villager (Male) |
| 8:13 | Crear | Villager (Male) |
| 8:21 | Construir | Farm |
| 8:24 | Construir | Farm |
| 8:29 | Construir | Farm |
| 8:33 | Construir | Farm |
| 8:38 | Investigar | Feudal Age |
| 9:34 | Construir | House |
| 9:35 | Construir | House |
| 9:38 | Construir | House |
| 9:40 | Construir | House |
| 9:53 | Construir | Mining Camp |
| 10:14 | Construir | House |
| 10:15 | Construir | House |
| 10:40 | Construir | House |
| 10:45 | Crear | Villager (Male) |
| 10:45 | Crear | Villager (Male) |
| 10:51 | Construir | House |
| 10:56 | Construir | House |
| 10:57 | Edad | Edad Feudal |
| 11:01 | Construir | House |
| 11:03 | Construir | House |
| 11:13 | Construir | Blacksmith |
| 11:20 | Investigar | Loom |
| 11:46 | Construir | Market |
| 12:04 | Construir | House |
| 12:41 | Construir | House |
| 13:12 | Investigar | Castle Age |
| 13:35 | Construir | Watch Tower |
| 15:32 | Crear | Villager (Male) |
| 15:52 | Edad | Edad de los Castillos |
| 15:54 | Crear | Villager (Male) |
| 16:03 | Construir | Siege Workshop |
| 16:32 | Crear | Mangonel |
| 16:42 | Crear | Villager (Male) |
| 17:34 | Crear | Mangonel |
| 18:02 | Crear | Villager (Male) |
| 18:12 | Crear | Villager (Male) |
Build order — EXILE | TurtleS3
115 acciones detectadas en el replay
| 0:01 | Crear | Villager (Male) |
| 0:02 | Crear | Villager (Male) |
| 0:02 | Crear | Villager (Male) |
| 0:03 | Construir | House |
| 0:05 | Construir | House |
| 0:21 | Crear | Villager (Male) |
| 0:22 | Crear | Villager (Male) |
| 1:28 | Crear | Villager (Male) |
| 1:58 | Crear | Villager (Male) |
| 1:58 | Crear | Villager (Male) |
| 2:18 | Crear | Villager (Male) |
| 2:19 | Crear | Villager (Male) |
| 2:42 | Crear | Villager (Male) |
| 3:21 | Crear | Villager (Male) |
| 3:21 | Crear | Villager (Male) |
| 3:26 | Construir | House |
| 3:54 | Crear | Villager (Male) |
| 4:02 | Construir | Lumber Camp |
| 4:06 | Crear | Villager (Male) |
| 4:06 | Crear | Villager (Male) |
| 4:16 | Crear | Villager (Male) |
| 4:17 | Crear | Villager (Male) |
| 4:18 | Crear | Villager (Male) |
| 5:56 | Construir | Mill |
| 6:03 | Crear | Villager (Male) |
| 6:35 | Investigar | Feudal Age |
| 6:35 | Investigar | Feudal Age |
| 7:00 | Crear | Villager (Male) |
| 7:03 | Construir | House |
| 8:50 | Construir | Mining Camp |
| 8:51 | Edad | Edad Feudal |
| 8:54 | Investigar | Double-Bit Axe |
| 8:56 | Crear | Villager (Male) |
| 9:19 | Crear | Villager (Male) |
| 9:27 | Construir | Market |
| 9:32 | Construir | Market |
| 9:36 | Crear | Villager (Male) |
| 9:38 | Investigar | Horse Collar |
| 9:38 | Investigar | Horse Collar |
| 9:39 | Investigar | Horse Collar |
| 9:53 | Construir | Farm |
| 10:01 | Construir | Farm |
| 10:05 | Construir | House |
| 10:16 | Crear | Villager (Male) |
| 10:42 | Construir | Farm |
| 10:44 | Construir | Lumber Camp |
| 10:52 | Crear | Villager (Male) |
| 11:04 | Crear | Villager (Male) |
| 11:09 | Investigar | Gold Mining |
| 11:24 | Construir | Farm |
| 11:37 | Construir | House |
| 11:40 | Crear | Villager (Male) |
| 11:49 | Construir | Farm |
| 12:07 | Crear | Villager (Male) |
| 12:18 | Construir | Farm |
| 12:19 | Crear | Villager (Male) |
| 12:22 | Construir | Farm |
| 12:24 | Construir | Farm |
| 12:28 | Crear | Villager (Male) |
| 12:39 | Construir | Farm |
| 12:58 | Construir | House |
| 13:07 | Crear | Villager (Male) |
| 13:11 | Construir | Farm |
| 13:14 | Construir | Farm |
| 13:18 | Construir | Farm |
| 13:22 | Construir | Farm |
| 13:29 | Construir | Farm |
| 13:32 | Crear | Villager (Male) |
| 13:39 | Construir | House |
| 14:01 | Construir | Mill |
| 14:06 | Construir | Farm |
| 14:08 | Crear | Villager (Male) |
| 14:10 | Construir | House |
| 14:23 | Construir | Farm |
| 14:26 | Construir | Farm |
| 14:27 | Crear | Villager (Male) |
| 14:49 | Construir | House |
| 14:59 | Construir | Farm |
| 14:59 | Crear | Villager (Male) |
| 15:17 | Crear | Villager (Male) |
| 15:19 | Construir | House |
| 15:24 | Construir | Farm |
| 15:38 | Construir | Farm |
| 15:50 | Construir | House |
| 15:52 | Crear | Villager (Male) |
| 16:03 | Construir | Farm |
| 16:09 | Construir | Blacksmith |
| 16:12 | Crear | Villager (Male) |
| 16:25 | Crear | Villager (Male) |
| 16:33 | Construir | Farm |
| 16:42 | Construir | House |
| 17:02 | Crear | Villager (Male) |
| 17:04 | Construir | House |
| 17:09 | Construir | Farm |
| 17:23 | Construir | Farm |
| 17:26 | Construir | Farm |
| 17:34 | Crear | Villager (Male) |
| 17:48 | Construir | House |
| 17:55 | Investigar | Castle Age |
| 17:56 | Investigar | Castle Age |
| 18:28 | Construir | House |
| 19:46 | Construir | Stone Wall |
| 19:49 | Construir | Stone Wall |
| 19:55 | Construir | Stone Wall |
| 19:58 | Construir | Stone Wall |
| 20:01 | Construir | House |
| 20:10 | Construir | Stone Wall |
| 20:13 | Construir | Stone Wall |
| 20:17 | Construir | House |
| 20:22 | Construir | Stone Wall |
| 20:29 | Construir | House |
| 20:39 | Crear | Villager (Male) |
| 20:42 | Edad | Edad de los Castillos |
| 20:47 | Construir | Town Center |
| 20:52 | Construir | Siege Workshop |
Build order — El Wicho
86 acciones detectadas en el replay
| 0:00 | Crear | Villager (Male) |
| 0:01 | Crear | Villager (Male) |
| 0:02 | Construir | House |
| 0:04 | Construir | House |
| 0:24 | Crear | Villager (Male) |
| 0:24 | Crear | Villager (Male) |
| 1:30 | Crear | Villager (Male) |
| 1:44 | Construir | Lumber Camp |
| 2:07 | Crear | Villager (Male) |
| 2:33 | Crear | Villager (Male) |
| 2:33 | Crear | Villager (Male) |
| 2:57 | Crear | Villager (Male) |
| 3:16 | Crear | Villager (Male) |
| 3:33 | Crear | Villager (Male) |
| 3:34 | Crear | Villager (Male) |
| 3:34 | Crear | Villager (Male) |
| 3:50 | Crear | Villager (Male) |
| 3:59 | Construir | House |
| 4:18 | Crear | Villager (Male) |
| 4:23 | Construir | Mill |
| 4:25 | Crear | Villager (Male) |
| 6:05 | Crear | Villager (Male) |
| 6:36 | Investigar | Feudal Age |
| 6:57 | Construir | Mining Camp |
| 7:38 | Construir | House |
| 8:27 | Crear | Villager (Male) |
| 8:27 | Crear | Villager (Male) |
| 8:46 | Edad | Edad Feudal |
| 8:54 | Construir | Watch Tower |
| 8:59 | Crear | Villager (Male) |
| 9:07 | Crear | Villager (Male) |
| 9:10 | Investigar | Double-Bit Axe |
| 9:10 | Investigar | Loom |
| 9:30 | Crear | Villager (Male) |
| 9:41 | Crear | Villager (Male) |
| 10:08 | Construir | Blacksmith |
| 10:22 | Crear | Villager (Male) |
| 10:54 | Construir | Watch Tower |
| 11:41 | Crear | Villager (Male) |
| 11:52 | Construir | Watch Tower |
| 12:00 | Crear | Villager (Male) |
| 12:12 | Construir | House |
| 12:33 | Crear | Villager (Male) |
| 12:56 | Crear | Villager (Male) |
| 13:09 | Crear | Villager (Male) |
| 13:09 | Crear | Villager (Male) |
| 13:35 | Construir | House |
| 13:36 | Construir | House |
| 13:40 | Crear | Villager (Male) |
| 13:43 | Construir | Farm |
| 13:44 | Construir | Farm |
| 13:44 | Construir | Farm |
| 13:44 | Construir | Farm |
| 14:10 | Crear | Villager (Male) |
| 14:19 | Construir | Watch Tower |
| 14:55 | Crear | Villager (Male) |
| 15:01 | Construir | Farm |
| 15:12 | Investigar | Fletching |
| 15:30 | Crear | Villager (Male) |
| 15:35 | Construir | Farm |
| 15:39 | Construir | Farm |
| 16:00 | Construir | Watch Tower |
| 16:04 | Crear | Villager (Male) |
| 16:14 | Investigar | Horse Collar |
| 16:28 | Crear | Villager (Male) |
| 16:36 | Construir | House |
| 16:38 | Construir | House |
| 16:54 | Crear | Villager (Male) |
| 17:03 | Construir | Farm |
| 17:11 | Crear | Villager (Male) |
| 18:02 | Crear | Villager (Male) |
| 18:23 | Crear | Villager (Male) |
| 18:29 | Construir | Mining Camp |
| 19:13 | Crear | Villager (Male) |
| 19:23 | Crear | Villager (Male) |
| 19:32 | Crear | Villager (Male) |
| 19:34 | Construir | House |
| 19:49 | Crear | Villager (Male) |
| 19:56 | Construir | Farm |
| 19:56 | Construir | Farm |
| 19:56 | Construir | Farm |
| 19:57 | Construir | Farm |
| 19:57 | Construir | Farm |
| 19:57 | Construir | Farm |
| 20:38 | Construir | Market |
| 21:02 | Crear | Villager (Male) |
Build order — EXILE | Heisenberg
101 acciones detectadas en el replay
| 0:02 | Construir | House |
| 0:04 | Construir | House |
| 0:04 | Crear | Villager (Male) |
| 0:05 | Crear | Villager (Male) |
| 0:05 | Crear | Villager (Male) |
| 0:05 | Crear | Villager (Male) |
| 0:05 | Crear | Villager (Male) |
| 0:05 | Crear | Villager (Male) |
| 1:43 | Crear | Villager (Male) |
| 1:43 | Crear | Villager (Male) |
| 1:50 | Construir | Lumber Camp |
| 2:16 | Crear | Villager (Male) |
| 2:17 | Crear | Villager (Male) |
| 2:24 | Construir | House |
| 2:48 | Crear | Villager (Male) |
| 2:48 | Crear | Villager (Male) |
| 2:49 | Crear | Villager (Male) |
| 3:13 | Crear | Villager (Male) |
| 3:13 | Crear | Villager (Male) |
| 3:20 | Construir | House |
| 3:21 | Construir | House |
| 3:22 | Construir | House |
| 3:23 | Construir | House |
| 3:39 | Crear | Villager (Male) |
| 3:40 | Crear | Villager (Male) |
| 4:06 | Crear | Villager (Male) |
| 4:06 | Crear | Villager (Male) |
| 4:06 | Crear | Villager (Male) |
| 4:41 | Crear | Villager (Male) |
| 4:41 | Crear | Villager (Male) |
| 4:41 | Crear | Villager (Male) |
| 4:52 | Crear | Villager (Male) |
| 4:52 | Crear | Villager (Male) |
| 5:07 | Construir | Mill |
| 5:31 | Crear | Villager (Male) |
| 5:32 | Crear | Villager (Male) |
| 5:32 | Crear | Villager (Male) |
| 5:32 | Crear | Villager (Male) |
| 5:43 | Construir | Mill |
| 6:05 | Crear | Villager (Male) |
| 6:14 | Crear | Villager (Male) |
| 7:00 | Construir | Mining Camp |
| 7:11 | Crear | Villager (Male) |
| 7:20 | Crear | Villager (Male) |
| 7:21 | Crear | Villager (Male) |
| 8:42 | Investigar | Feudal Age |
| 10:46 | Edad | Edad Feudal |
| 10:48 | Crear | Villager (Male) |
| 10:48 | Crear | Villager (Male) |
| 10:52 | Construir | Market |
| 10:54 | Construir | Blacksmith |
| 12:07 | Investigar | Castle Age |
| 12:25 | Construir | Barracks |
| 13:18 | Construir | Archery Range |
| 13:22 | Construir | Archery Range |
| 13:46 | Investigar | Fletching |
| 14:18 | Crear | Archer |
| 14:18 | Crear | Archer |
| 14:19 | Crear | Archer |
| 14:19 | Crear | Archer |
| 14:25 | Construir | House |
| 14:32 | Edad | Edad de los Castillos |
| 14:36 | Construir | Siege Workshop |
| 14:38 | Crear | Villager (Male) |
| 14:42 | Crear | Archer |
| 14:42 | Crear | Archer |
| 14:56 | Construir | Farm |
| 15:20 | Crear | Archer |
| 15:36 | Crear | Battering Ram |
| 15:49 | Construir | Farm |
| 16:19 | Construir | Farm |
| 16:19 | Construir | Farm |
| 16:25 | Construir | Farm |
| 16:30 | Construir | Farm |
| 16:33 | Crear | Archer |
| 16:34 | Crear | Archer |
| 16:54 | Crear | Archer |
| 16:55 | Crear | Archer |
| 16:55 | Crear | Archer |
| 16:55 | Crear | Archer |
| 17:24 | Crear | Archer |
| 17:24 | Crear | Archer |
| 17:24 | Crear | Archer |
| 17:25 | Crear | Archer |
| 17:48 | Crear | Archer |
| 17:49 | Crear | Villager (Male) |
| 17:49 | Crear | Villager (Male) |
| 17:49 | Crear | Villager (Male) |
| 17:55 | Construir | Farm |
| 17:57 | Construir | Farm |
| 18:59 | Crear | Villager (Male) |
| 19:07 | Construir | Mining Camp |
| 19:35 | Crear | Battering Ram |
| 19:35 | Crear | Battering Ram |
| 19:41 | Crear | Villager (Male) |
| 19:42 | Crear | Villager (Male) |
| 19:57 | Crear | Battering Ram |
| 20:23 | Crear | Villager (Male) |
| 20:25 | Crear | Villager (Male) |
| 20:42 | Crear | Villager (Male) |
| 20:54 | Crear | Villager (Male) |
Build order — Codiman
82 acciones detectadas en el replay
| 0:03 | Crear | Villager (Male) |
| 0:03 | Crear | Villager (Male) |
| 0:04 | Construir | House |
| 0:06 | Construir | House |
| 0:07 | Crear | Villager (Male) |
| 0:07 | Crear | Villager (Male) |
| 1:36 | Crear | Villager (Male) |
| 1:36 | Crear | Villager (Male) |
| 1:45 | Crear | Villager (Male) |
| 1:45 | Crear | Villager (Male) |
| 2:07 | Crear | Villager (Male) |
| 2:07 | Crear | Villager (Male) |
| 2:32 | Crear | Villager (Male) |
| 3:04 | Crear | Villager (Male) |
| 3:05 | Crear | Villager (Male) |
| 3:05 | Crear | Villager (Male) |
| 3:29 | Construir | House |
| 3:34 | Construir | House |
| 3:48 | Construir | Lumber Camp |
| 3:50 | Crear | Villager (Male) |
| 4:14 | Crear | Villager (Male) |
| 4:27 | Crear | Villager (Male) |
| 4:40 | Crear | Villager (Male) |
| 4:42 | Crear | Villager (Male) |
| 5:41 | Crear | Villager (Male) |
| 5:41 | Crear | Villager (Male) |
| 6:01 | Construir | Mill |
| 6:24 | Crear | Villager (Male) |
| 6:25 | Crear | Villager (Male) |
| 7:00 | Construir | Mining Camp |
| 7:44 | Investigar | Loom |
| 7:46 | Investigar | Feudal Age |
| 8:26 | Crear | Villager (Male) |
| 8:26 | Crear | Villager (Male) |
| 8:37 | Construir | House |
| 8:41 | Construir | House |
| 10:12 | Construir | Farm |
| 10:14 | Construir | Farm |
| 10:16 | Construir | Farm |
| 10:33 | Edad | Edad Feudal |
| 11:20 | Crear | Villager (Male) |
| 11:29 | Construir | Market |
| 11:43 | Crear | Villager (Male) |
| 11:48 | Construir | Blacksmith |
| 12:07 | Crear | Villager (Male) |
| 12:37 | Crear | Villager (Male) |
| 12:42 | Construir | Farm |
| 12:43 | Construir | Farm |
| 13:10 | Investigar | Castle Age |
| 13:43 | Crear | Villager (Male) |
| 14:20 | Investigar | Double-Bit Axe |
| 14:55 | Crear | Villager (Male) |
| 15:50 | Edad | Edad de los Castillos |
| 15:53 | Crear | Villager (Male) |
| 16:18 | Construir | Siege Workshop |
| 16:19 | Construir | Siege Workshop |
| 16:21 | Crear | Villager (Male) |
| 16:32 | Crear | Villager (Male) |
| 17:02 | Construir | House |
| 17:02 | Construir | House |
| 17:06 | Construir | House |
| 17:36 | Construir | House |
| 17:50 | Crear | Unit 1105 |
| 17:57 | Crear | Battering Ram |
| 17:57 | Crear | Battering Ram |
| 17:59 | Crear | Battering Ram |
| 17:59 | Crear | Battering Ram |
| 18:06 | Crear | Villager (Male) |
| 18:07 | Crear | Villager (Male) |
| 18:09 | Crear | Villager (Male) |
| 18:14 | Construir | House |
| 18:21 | Crear | Villager (Male) |
| 18:35 | Construir | House |
| 19:01 | Construir | Barracks |
| 19:17 | Crear | Villager (Male) |
| 19:24 | Construir | Farm |
| 19:25 | Construir | Farm |
| 19:25 | Construir | Farm |
| 20:31 | Crear | Battering Ram |
| 20:31 | Crear | Battering Ram |
| 20:35 | Investigar | Pikeman (upgrade) |
| 20:53 | Construir | House |
Cronología de la partida
| 8:26 | EXILE | Alebrije · age_up feudal |
| 8:43 | Dadagama · wall_segment Palisade Wall x18 |
| 8:46 | El Wicho · age_up feudal |
| 8:51 | EXILE | TurtleS3 · age_up feudal |
| 9:40 | Dadagama · wall_segment Palisade Wall x19 |
| 10:06 | Dadagama · age_up feudal |
| 10:33 | Codiman · age_up feudal |
| 10:46 | EXILE | Heisenberg · age_up feudal |
| 10:48 | RagnarokCo · age_up feudal |
| 10:57 | EXILE | milval · age_up feudal |
| 11:07 | Dadagama · wall_segment Palisade Wall x1 |
| 11:43 | Dadagama · wall_segment Palisade Wall x3 |
| 11:47 | Dadagama · wall_segment Palisade Wall x5 |
| 12:01 | Dadagama · wall_segment Palisade Wall x4 |
| 12:05 | EXILE | Heisenberg · first_market_buy 100 food |
| 12:08 | Dadagama · wall_segment Palisade Wall x6 |
| 12:20 | EXILE | Heisenberg · first_market_sell 100 stone |
| 12:25 | EXILE | Heisenberg · first_building Barracks |
| 12:28 | Dadagama · first_market_buy 100 food |
| 12:30 | Dadagama · first_market_sell 100 stone |
| 13:11 | EXILE | milval · first_market_sell 100 wood |
| 13:18 | EXILE | Heisenberg · first_building Archery Range |
| 13:51 | EXILE | TurtleS3 · tribute_sent a jugador 1 |
| 13:51 | EXILE | TurtleS3 · tribute_sent a jugador 2 |
| 13:51 | EXILE | TurtleS3 · tribute_sent a jugador 3 |
| 13:51 | EXILE | TurtleS3 · tribute_sent a jugador 4 |
| 13:51 | EXILE | TurtleS3 · tribute_sent a jugador 6 |
| 13:51 | EXILE | TurtleS3 · tribute_sent a jugador 7 |
| 13:51 | EXILE | TurtleS3 · tribute_sent a jugador 8 |
| 14:08 | RagnarokCo · first_building Barracks |
| 14:32 | EXILE | Heisenberg · age_up castle |
| 14:36 | EXILE | Heisenberg · first_building Siege Workshop |
| 14:54 | EXILE | TurtleS3 · tribute_sent a jugador 1 |
| 14:54 | EXILE | TurtleS3 · tribute_sent a jugador 2 |
| 14:54 | EXILE | TurtleS3 · tribute_sent a jugador 3 |
| 14:54 | EXILE | TurtleS3 · tribute_sent a jugador 4 |
| 14:54 | EXILE | TurtleS3 · tribute_sent a jugador 6 |
| 14:54 | EXILE | TurtleS3 · tribute_sent a jugador 7 |
| 14:54 | EXILE | TurtleS3 · tribute_sent a jugador 8 |
| 15:09 | EXILE | TurtleS3 · tribute_sent a jugador 1 |
| 15:09 | EXILE | TurtleS3 · tribute_sent a jugador 2 |
| 15:09 | EXILE | TurtleS3 · tribute_sent a jugador 3 |
| 15:09 | EXILE | TurtleS3 · tribute_sent a jugador 4 |
| 15:09 | EXILE | TurtleS3 · tribute_sent a jugador 6 |
| 15:09 | EXILE | TurtleS3 · tribute_sent a jugador 7 |
| 15:09 | EXILE | TurtleS3 · tribute_sent a jugador 8 |
| 15:35 | EXILE | Alebrije · first_market_buy 100 food |
| 15:41 | EXILE | TurtleS3 · tribute_sent a jugador 1 |
| 15:41 | EXILE | TurtleS3 · tribute_sent a jugador 2 |
| 15:41 | EXILE | TurtleS3 · tribute_sent a jugador 3 |
| 15:41 | EXILE | TurtleS3 · tribute_sent a jugador 4 |
| 15:41 | EXILE | TurtleS3 · tribute_sent a jugador 6 |
| 15:41 | EXILE | TurtleS3 · tribute_sent a jugador 7 |
| 15:41 | EXILE | TurtleS3 · tribute_sent a jugador 8 |
| 15:50 | Codiman · age_up castle |
| 15:52 | EXILE | milval · age_up castle |
| 15:58 | RagnarokCo · age_up castle |
| 16:03 | EXILE | milval · first_building Siege Workshop |
| 16:18 | Codiman · first_building Siege Workshop |
| 16:28 | Dadagama · age_up castle |
| 16:28 | Dadagama · wall_segment Palisade Wall x1 |
| 16:45 | Dadagama · first_building Castle |
| 17:12 | EXILE | milval · first_market_buy 100 food |
| 18:21 | EXILE | Alebrije · age_up castle |
| 18:24 | EXILE | Alebrije · first_building Castle |
| 18:52 | EXILE | Alebrije · wall_segment Palisade Wall x1 |
| 19:01 | Codiman · first_building Barracks |
| 19:46 | EXILE | TurtleS3 · wall_segment Stone Wall x1 |
| 19:48 | Dadagama · wall_segment Stone Wall x1 |
| 19:49 | EXILE | TurtleS3 · wall_segment Stone Wall x1 |
| 19:55 | EXILE | TurtleS3 · wall_segment Stone Wall x1 |
| 19:58 | EXILE | TurtleS3 · wall_segment Stone Wall x1 |
| 20:10 | EXILE | TurtleS3 · wall_segment Stone Wall x1 |
| 20:13 | EXILE | TurtleS3 · wall_segment Stone Wall x1 |
| 20:22 | EXILE | TurtleS3 · wall_segment Stone Wall x1 |
| 20:42 | EXILE | TurtleS3 · age_up castle |
| 20:52 | EXILE | TurtleS3 · first_building Siege Workshop |
| 20:59 | EXILE | Heisenberg · resign |
[ ANÁLISIS IA · 1 CRÉDITO ]
¿Qué pasó realmente en esta partida?
Wolo.gg analiza cada decisión: build order, eco, micro, errores típicos por bracket. Análisis personalizado por WhatsApp o Discord en 30 segundos.
Guía civ
Españoles
Perfil
Jugador #11526726